 Dungeon Crawl Stone Soup version 0.23.2-33-g5129a83184 (webtiles) character file.

Game seed: 10741741670332225766

107 Folque the Chiller (level 4, 0/32 HPs)
             Began as a Demonspawn Ice Elementalist on June 29, 2019.
             Killed from afar by an orc wizard (6 damage)
             ... with a puff of frost
             ... on level 3 of the Dungeon.
             The game lasted 00:06:01 (2041 turns).

Folque the Chiller (Demonspawn Ice Elementalist)    Turns: 2041, Time: 00:06:05

Health: 0/32       AC:  3    Str:  8    XL:     4   Next: 57%
Magic:  0/8        EV: 12    Int: 17    God:
Gold:   164        SH:  0    Dex: 14    Spells: 6/9 levels left

rFire    . . .     SeeInvis .   k - +0 dagger
rCold    . . .     Gourm    .   (no shield)
rNeg     . . .     Faith    .   a - +0 robe
rPois    .         Spirit   .   (helmet restricted)
rElec    .         Reflect  .   b - +0 cloak
rCorr    .         Harm     .   (no gloves)
MR       .....                  (no boots)
Stlth    +++.......             (no amulet)
HPRegen  0.10/turn              (no ring)
MPRegen  0.11/turn              (no ring)

@: no status effects
A: antennae 1, nightstalker 1
a: no special abilities


You were on level 3 of the Dungeon.
You were not hungry.

You visited 1 branch of the dungeon, and saw 3 of its levels.

You collected 164 gold pieces.

Inventory:

Hand Weapons
 e - a +0 mace
 k - a +0 dagger (weapon)
 q - a +2 hunting sling of freezing
Armour
 a - a +0 robe (worn)
 b - a +0 cloak (worn)
 r - a +0 pair of gloves
Jewellery
 i - an uncursed ring of positive energy {unknown}
Scrolls
 d - a scroll of identify {unknown}
 g - 2 scrolls of teleportation {unknown}
 m - a scroll of amnesia {unknown}
 n - a scroll of enchant weapon {unknown}
 p - a scroll of remove curse {unknown}
Potions
 f - a potion of brilliance {unknown}
 h - a potion of haste {unknown}
 j - a potion of curing {unknown}
 l - 2 potions of resistance
 o - a potion of ambrosia {unknown}
Comestibles
 c - 10 rations


   Skills:
 - Level 1.0 Fighting
 - Level 1.7 Dodging
 * Level 2.3 Stealth
 - Level 3.1 Spellcasting
 + Level 1.9 Conjurations
 + Level 3.3 Ice Magic


You had 6 spell levels left.
You knew the following spells:

 Your Spells              Type           Power        Failure   Level  Hunger
a - Freeze                Ice            ##..         4%          1    None
b - Throw Frost           Conj/Ice       ##....       9%          2    ##.....

Your spell library contained the following spells:

 Spells                   Type           Power        Failure   Level  Hunger
 Ozocubu's Armour         Chrm/Ice       #.......     26%         3    ###....
 Throw Icicle             Conj/Ice       ##......     50%         4    ####...
 Summon Ice Beast         Ice/Summ       #.......     65%         4    ####...


Dungeon Overview and Level Annotations

Branches:
Dungeon (3/15)

Altars:
Okawaru

Annotations:
D:3 3 runed translucent doors, Frank's ghost, amateur OpFi; TrebMcFLY's ghost, amateur GrFi; dembora's ghost, amateur DsAK


Innate Abilities, Weirdness & Mutations

You have a pair of small antennae on your head.
You are slightly more attuned to the shadows.


Message History

Confirm with . or Enter, or press ? or * to list all spells.
Aiming: Freeze (safe; 4% risk of failure)
Press: ? - help, Shift-Dir - straight line, f/p - orc wizard
Aim: an orc wizard, wielding a +0 spear and wearing a cursed +0 robe (moderately wounded, fast)
You freeze the orc wizard.
The orc wizard is heavily wounded.
The orc wizard hits you with a +0 spear.
* * * LOW HITPOINT WARNING * * *
Casting: Freeze (safe; 4% risk of failure)
Confirm with . or Enter, or press ? or * to list all spells.
Aiming: Freeze (safe; 4% risk of failure)
Press: ? - help, Shift-Dir - straight line, f/p - orc wizard
Aim: an orc wizard, wielding a +0 spear and wearing a cursed +0 robe (heavily wounded, fast)
You freeze the orc wizard.
The orc wizard is almost dead.
The orc wizard hits you with a +0 spear.
* * * LOW HITPOINT WARNING * * *
The orc wizard gestures at you while chanting.
The puff of frost hits you.
You die...

.. ###.# ...# ... #.#
# ##.##.###. ##
#..ol.....
..W.....$#..#.@##.####
#P.......P##.#..# #
.#⌠.......⌠##.#..#
.#P...W..WP##....#####
.####+++####..........
.##.........#.#(#####.
............#.#.#
.####.÷.#.###.#.#####
......).#...........#


You could see an orc wizard and a frilled lizard.

Vanquished Creatures
  Natasha (twice) (D:3)
  An adder (D:3)
  An ooze (D:3)
  A dart slug (D:2)
  A leopard gecko (D:2)
  An orc (D:2)
  3 bats
  3 giant cockroaches
  5 goblins
  3 hobgoblins
  2 jackals (D:1)
  A quokka (D:2)
  2 ball pythons (D:1)
  A frilled lizard (D:1)
  8 kobolds
  6 rats
41 creatures vanquished.

Vanquished Creatures (others)
  A withered plant (D:3)
1 creature vanquished.

Grand Total: 42 creatures vanquished

Notes
Turn   | Place    | Note
-------+----------+-------------------------------------------
     0 | D:1      | Folque the Demonspawn Ice Elementalist began the quest for
                  | the Orb.
     0 | D:1      | Reached XP level 1. HP: 13/13 MP: 3/3
   408 | D:1      | Gained mutation: You have a pair of small antennae on your
                  | head. [demonic ancestry]
   408 | D:1      | Reached XP level 2. HP: 18/20 MP: 1/5
   641 | D:1      | Learned a level 2 spell: Throw Frost
  1118 | D:2      | Reached skill level 1 in Fighting
  1228 | D:2      | Gained mutation: You are slightly more attuned to the
                  | shadows. [demonic ancestry]
  1228 | D:2      | Reached XP level 3. HP: 26/26 MP: 7/7
  1327 | D:2      | Found an iron altar of Okawaru.
  1503 | D:3      | Noticed Natasha
  1559 | D:3      | Killed Natasha
  1813 | D:3      | Noticed Natasha
  1822 | D:3      | Reached XP level 4. HP: 23/32 MP: 4/8
  1983 | D:3      | Found a runed translucent gate.
  1990 | D:3      | Found a runed translucent gate.
  1990 | D:3      | Found a runed translucent gate.
  1995 | D:3      | Killed Natasha
  2000 | D:3      | Noticed dembora's ghost (amateur DsAK)
  2000 | D:3      | Noticed TrebMcFLY's ghost (amateur GrFi)
  2000 | D:3      | Noticed Frank's ghost (amateur OpFi)
  2041 | D:3      | Killed from afar by an orc wizard

Skill      XL: |  1  2  3  4 |
---------------+-------------+-----
Fighting       | 1 |  1.0
Ice Magic      | 3 |  3.3
Spellcasting   | 3 |  3.1
Stealth        | 2 |  2.3
Dodging        | |  1.7
Conjurations   | |  1.9

Action                   |  1- 3 |  4- 6 || total
-------------------------+-------+-------++-------
Melee: Unarmed           |    19 |       ||    19
       Mace              |    48 |       ||    48
       Dagger            |     7 |     3 ||    10
 Cast: Freeze            |    29 |     7 ||    36
       Throw Frost       |     8 |     4 ||    12
 Stab: Sleeping          |     3 |       ||     3
  Eat: Chunk             |     3 |     1 ||     4
Armor: Robe              |    25 |     2 ||    27
Dodge: Dodged            |    60 |     5 ||    65
